 Dungeon Crawl Stone Soup version 0.30-a0-1161-g0704695555 (webtiles) character file.

Game seed: 4054899812544671471

22 ytrimaz the Shield-Bearer (level 2, -2/21 HPs)
             Began as an Octopode Fighter on Apr 27, 2023.
             Slain by a kobold
             ... wielding a +0 whip
              (5 damage)
             ... on level 1 of the Dungeon.
             The game lasted 00:00:20 (151 turns).

ytrimaz the Shield-Bearer (Octopode Fighter)         Turns: 151, Time: 00:00:21

Health: -2/21      AC:  1    Str: 15    XL:     2   Next: 91%
Magic:  2/2        EV: 13    Int: 10    God:
Gold:   46         SH:  4    Dex: 11    Spells: 1/1 levels left

rFire   . . .        a - +0 long sword
rCold   . . .        b - +0 buckler
rNeg    . . .        (helmet restricted)
rPois   .            (no amulet)
rElec   .            (no ring)
rCorr   .            (no ring)
SInv    .            (no ring)
Will    .....        (no ring)
Stlth   ++           (no ring)
HPRegen 0.23/turn    (no ring)
MPRegen 0.08/turn    (no ring)
                     (no ring)

%: no passive effects
@: no status effects
A: almost no armour, amphibious, 8 rings, camouflage 1, gelatinous body 1,
(nimble swimmer 1), tentacles
a: no special abilities


You were on level 1 of the Dungeon.
You visited 1 branch of the dungeon, and saw 2 of its levels.

You collected 46 gold pieces.


Innate Abilities, Weirdness & Mutations

You cannot wear most types of armour.
You are amphibious.
You can wear up to eight rings at the same time.
Your skin changes colour to match your surroundings (Stealth+).
Your rubbery body absorbs attacks. (AC +1, EV +1)
((You are camouflaged when in or above water. (Stealth+)))
You have tentacles for arms and can constrict up to eight enemies at once.


   Skills:
 - Level 3.0 Fighting
 + Level 2.7 Long Blades
 - Level 3.0 Dodging
 + Level 3.5 Shields


You had one spell level left.
You didn't know any spells.
Your spell library was empty.

Inventory:

Hand Weapons
 a - a +0 long sword (weapon)
Armour
 b - a +0 buckler (worn)
Jewellery
 f - a +6 ring of intelligence
   (You found it on level 2 of the Dungeon)
Scrolls
 d - a scroll of teleportation {unknown}
 e - a scroll of amnesia {unknown}
Potions
 c - a potion of might

Dungeon Overview and Level Annotations

Branches:
Dungeon (2/15) Zot: 11842

Altars:

## # #. # ..
#.#####.# #
.##.#.#.#J#..
..........#
##....K..#..
#$...J.....#
#.g@K...#
#.........#
.!..#.....(.##
.............#######
. #g#.#.#.#.##.....#
.......###.##.....#
......#............#
......#.######.....#
#.######.....#


You could see 2 endoplasms, a hobgoblin, a goblin and 2 kobolds.


Message History

You now have 21 max hp (+5).
Your hp is fully restored (21).
Your mp is fully restored (2).
Found a stone staircase leading up.
A quokka comes into view.
A quokka is nearby!
An adder comes into view.
The adder hisses angrily.
You block the adder's attack.
You see here a +6 ring of intelligence.
The quokka attacks as you move away! You block the quokka's attack.
The adder closely misses you. The quokka attacks as you move away!
The quokka bites you. The adder attacks as you move away!
The adder closely misses you. 😕 HP[-2]
You take 2 damage, and now have 19/21 hp.
The adder closely misses you.
You barely miss the adder. Your grab misses the adder.
Your squeeze misses the adder. The adder bites you. 😕 HP[-1]
You take 1 damage, and now have 18/21 hp.
Unknown command.
You barely miss the adder. Your grab misses the adder. You squeeze the adder.
The adder bites you.
You are poisoned.
The adder poisons you! The adder misses you.
You hit the adder but do no damage. Your grab misses the adder.
You feel sick. You block the adder's attack.
The adder bites you but does no damage. 😕 HP[-2]
You take 2 damage, and now have 16/21 hp.
You barely miss the adder. Your grab misses the adder.
You feel sick. The adder barely misses you. 😮 HP[-1]
You take 1 damage, and now have 15/21 hp.
Unknown command.
You barely miss the adder. Your grab misses the adder. You squeeze the adder.
You feel sick.
You are no longer poisoned.
The adder closely misses you.
The adder bites you but does no damage. 😮 HP[-1]
You take 1 damage, and now have 14/21 hp.
Unknown command.
You barely miss the adder. Your grab misses the adder.
The adder barely misses you. x2 😮 HP[+1]
You closely miss the adder. Your grab misses the adder. You squeeze the adder.
You kill the adder!
The quokka closely misses you.
Unknown command.
You hit the quokka. Your grab misses the quokka.
You squeeze the quokka, but do no damage.
The quokka bites you. x2
* * * LOW HITPOINT WARNING * * *
😨 HP[-6]
You take 6 damage, and now have 9/21 hp.
MASSIVE DAMAGE!! (PAUSE)
You closely miss the quokka. Your grab misses the quokka.
The quokka barely misses you. 😨 HP[+1]
You barely miss the quokka. You grab the quokka.
Your tentacle-slap misses the quokka.
You squeeze the quokka.
You kill the quokka!
Unknown command.
You see here an adder corpse.
Unknown command.
f - a +6 ring of intelligence 😮 HP[+1]
There is a stone staircase leading up here.
You climb upwards.
The endoplasm quivers.
There is a stone staircase leading down here. 😮 HP[+1] Unknown command.
There are monsters nearby!
There are monsters nearby!
Unknown command.
Unknown command.
The helpless bat fails to defend itself.
You slash the bat!
You kill the bat!
The endoplasm freezes you.
You are frozen.
* * * LOW HITPOINT WARNING * * *
😨 HP[-3]
You take 3 damage, and now have 9/21 hp.
Unknown command.
You hit the endoplasm but do no damage.
You squeeze the endoplasm, but do no damage.
The kobold shouts! x2; The hobgoblin shouts!
The endoplasm freezes you.
You are frozen.
* * * LOW HITPOINT WARNING * * *
The kobold barely misses you. The endoplasm freezes you.
You are frozen.
* * * LOW HITPOINT WARNING * * *
😱 HP[-6]
You take 6 damage, and now have 3/21 hp.
MASSIVE DAMAGE!! (PAUSE)
The kobold hits you with a +0 whip.
You die...

Action                     || total
---------------------------++-------
  Melee: Long sword        ||    17
         Constrict         ||     3
         Punch             ||     1
         Tentacles         ||     6
   Stab: Distracted        ||     1
         Sleeping          ||     1
 Armour: Skin              ||     2
  Dodge: Dodged            ||    13
  Block: Buckler           ||     3

Levels and vault maps discovered:
D:1:      nicolae_arrival_washed_ashore, layout_loops_cross, st_stairs_4,
          minmay_tromino_i2
D:2:      layout_loops_ring, serial_co_window_serial,
          co_window_of_opportunity_a, co_window_of_opportunity_a,
          co_window_corner_a, co_window_cross_1, co_window_paths_b,
          co_window_corner_a, co_window_paths_b, co_window_broadway_c,
          co_window_broadway_b, co_window_corner_ca, glass_columns_a,
          glass_columns_b, glass_columns_a, glass_columns_a, glass_columns_a,
          minmay_tree_intersection, minmay_fractal_squares_gapless_5,
          uniq_jessica

Notes
Turn   | Place    | Note
-------+----------+-------------------------------------------
     0 | D:1      | ytrimaz the Octopode Fighter began the quest for the Orb.
     0 | D:1      | Reached XP level 1. HP: 16/16 MP: 1/1
     0 | D:1      | magus.rc [v1.9.6]
    85 | D:1      | You fall into a shaft and drop 1 floor!
   122 | D:2      | Reached XP level 2. HP: 21/21 MP: 2/2
   150 | D:1      | HP: 5/21 [frozen (4)]
   151 | D:1      | Slain by a kobold

Vanquished Creatures
  2 adders (D:2)
  An endoplasm (D:1)
  A quokka (D:2)
  A bat (D:1)
  A frilled lizard (D:1)
6 creatures vanquished.

Table legend:
 A = Non-vault XP
 B = Vault XP
 C = Vault XP percentage of total XP
 D = Non-vault monster count
 E = Vault monster count
 F = Vault count percentage of total count
                 A         B        C        D         E       F
            +---------+---------+-------+---------+---------+-------
      Total |      31 |       1 |   3.1 |       5 |       1 |  16.7
            +---------+---------+-------+---------+---------+-------
        D:1 |       3 |       1 |  25.0 |       2 |       1 |  33.3
        D:2 |      28 |       0 |   0.0 |       3 |       0 |   0.0
            +---------+---------+-------+---------+---------+-------

Action                     || total
---------------------------++-------
  Melee: Long sword        ||    17
         Constrict         ||     3
         Punch             ||     1
         Tentacles         ||     6
   Stab: Distracted        ||     1
         Sleeping          ||     1
 Armour: Skin              ||     2
  Dodge: Dodged            ||    13
  Block: Buckler           ||     3

Illustrated notes

Table legend:
 A = Kills in this place as a percentage of kills in the entire game.
 B = Kills by you in this place as a percentage of kills by you in the entire game.
 C = Kills by friends in this place as a percentage of kills by friends in the entire game.
 D = Other kills in this place as a percentage of other kills in the entire game.
 E = Experience gained in this place as a percentage of experience gained in the entire game.
 F = Experience gained in this place divided by the number of levels of this place that you have seen.
                   A       B       C       D       E      F
               +-------+-------+-------+-------+-------+----------------------
         Total | 100.0 | 100.0 |   N/A |   N/A | 100.0 |  16.0
       Dungeon | 100.0 | 100.0 |   N/A |   N/A | 100.0 |  16.0
               +-------+-------+-------+-------+-------+----------------------

Table legend: (Time is in decaauts)
 A = Elapsed time spent in this place.
 B = Non-inter-level travel time spent in this place.
 C = Inter-level travel time spent in this place.
 D = Time resting spent in this place.
 E = Time spent auto-exploring this place.
 F = Levels seen in this place.
 G = Mean time per level.
                   A        B        C        D        E       F      G
               +--------+--------+--------+--------+--------+-----+--------+
         Total |    156 |    156 |      0 |      0 |    100 |   2 |   78.0 |
       Dungeon |    156 |    156 |      0 |      0 |    100 |   2 |   78.0 |
               +--------+--------+--------+--------+--------+-----+--------+

Top non-repeatable levels by time:
     D:1: 90 daAuts
     D:2: 66 daAuts
